 Dungeon Crawl Stone Soup version 0.32-a0-43-g058985b245 (webtiles) character file.

Game seed: 8495733494652226128

378 VendilionClique the Magician (level 6, -1/41 HPs)
             Began as a Mummy Alchemist on Feb 4, 2024.
             Incinerated by a bombardier beetle (6 damage)
             ... with a burning spray
             ... on level 5 of the Dungeon.
             The game lasted 00:05:46 (3870 turns).

VendilionClique the Magician (Mummy Alchemist)      Turns: 3870, Time: 00:05:47

Health: -1/41      AC:  2    Str: 12    XL:     6   Next: 45%
Magic:  9/13       EV: 12    Int: 16    God:
Gold:   291        SH:  0    Dex: 12    Spells: 10/15 levels left

rFire   x . .        i - +1 spear (venom)
rCold   + . .        (no shield)
rNeg    + + +        a - +0 robe
rPois   ∞            (no helmet)
rElec   .            (no cloak)
rCorr   .            (no gloves)
SInv    .            (no boots)
Will    .....        (no amulet)
Stlth   +            (no ring)
HPRegen 0.26/turn    (no ring)
MPRegen 0.13/turn

%: faith
@: on fire, glowing
A: cold resistance 1, negative energy resistance 3, torment resistance 2, heat
vulnerability 1, in touch with death 1, no potions, faith
a: no special abilities


You were on level 5 of the Dungeon.
You visited 1 branch of the dungeon, and saw 5 of its levels.

You collected 291 gold pieces.

Inventory:

Hand Weapons
 i - a +1 spear of venom (weapon)
Armour
 a - a +0 robe (worn)
Jewellery
 c - a ring of flight
 e - a ring of ice
Scrolls
 b - 7 scrolls of identify {unknown}
 d - a scroll of enchant armour {unknown}
 f - a scroll of blinking {unknown}
 g - a scroll of acquirement {unknown}
 h - 2 scrolls of poison {unknown}


   Skills:
 - Level 1.5 Dodging
 - Level 1.5 Stealth
 + Level 5.3 Spellcasting
 - Level 0.7 Conjurations
 * Level 5.1 Alchemy


You had 10 spell levels left.
You knew the following spells:

 Your Spells              Type           Power      Damage    Failure   Level
o - Olgreb's Toxic Radia  Alch           20%        N/A       17%         4
s - Sting                 Conj/Alch      52%        1d6       4%          1

Your spell library contained the following spells:

 Spells                   Type           Power      Damage    Failure   Level
 Mercury Vapours          Alch/Air       24%        N/A       8%          2
 Foxfire                  Conj/Fire      20%        2x1d5     13%         1
 Momentum Strike          Conj/Tloc      10%        3d8       19%         2
 Mephitic Cloud           Conj/Alch/Air  10%        N/A       21%         3
 Blink                    Tloc           8%         N/A       22%         2
 Lesser Beckoning         Tloc           8%         N/A       22%         2
 Scorch                   Fire           8%         2d5       22%         2
 Sticky Flame             Fire/Alch      12%        2d5       45%         4
 Flame Wave               Conj/Fire      5%         2d5       77%         4
 Passage of Golubria      Tloc           4%         N/A       83%         4
 Silence                  Hex/Air        2%         N/A       99%         5
 Plasma Beam              Fire/Air       2%         2x1d12    100%        6
 Starburst                Conj/Fire      2%         6d3       100%        6
 Summon Cactus Giant      Summ           2%         N/A       100%        6
 Lehudib's Crystal Spear  Conj/Erth      2%         10d2      100%        8


Dungeon Overview and Level Annotations

Branches:
Dungeon (5/15)
 Temple: D:4-7

Altars:
Gozag
Nemelex Xobeh
Qazlal

Shops:
D:4 (

Annotations:
D:4 3 runed translucent doors, SoakedWettersCrisps's ghost, amateur MiHu


Innate Abilities, Weirdness & Mutations

You are immune to poison.
Your flesh is cold resistant. (rC+)
You are immune to negative energy. (rN+++)
You are immune to unholy pain and torment.
You are vulnerable to heat. (rF-)
You are in touch with the powers of death.
You do not drink.
You have a special connection with the divine. (Faith)


Message History

A bombardier beetle is nearby!
A bombardier beetle is nearby!
You miscast Sting.
You are very lightly contaminated with residual magic.
Nothing appears to happen.
The sting hits the bombardier beetle.
The bombardier beetle is poisoned.
The bombardier beetle is lightly wounded.
The bombardier beetle sprays incendiary fluid at you.
The burning spray hits you.
You are covered in liquid fire!
You shake off some of the fire as you move.
The liquid fire burns you!
The sting hits the bombardier beetle but does no damage.
The bombardier beetle looks even sicker.
The bombardier beetle is moderately wounded.
The liquid fire burns you!
The sting hits the bombardier beetle.
The bombardier beetle looks even sicker.
The bombardier beetle is heavily wounded.
The liquid fire burns you!
The bombardier beetle sprays incendiary fluid at you.
The burning spray hits you.
You are even more covered in liquid fire!
The sting hits the bombardier beetle.
The bombardier beetle looks as sick as possible!
You kill the bombardier beetle!
The liquid fire burns you!
You are too injured to fight recklessly!
You are too injured to fight recklessly!
You shake off some of the fire as you move.
The liquid fire burns you!
* * * LOW HITPOINT WARNING * * *
Your magical contamination has completely faded away.
You shake off some of the fire as you move.
The liquid fire burns you!
* * * LOW HITPOINT WARNING * * *
You see here a wand of digging (4).
You shake off some of the fire as you move.
The liquid fire burns you!
You die...

.# # .# #. .#
#.######.##
#.........# #
#.........#
#.#.#.........#
.#.#...@/....#
.............#.#
##.#...........#
#.##........###
#...........#
###............
#.............
#.########....
#.# ....


There were no monsters in sight!

Vanquished Creatures
  A bombardier beetle (D:5)
  3 hounds
  A gnoll bouda (D:4)
  An iguana (D:4)
  Terence (D:2)
  8 gnolls (D:4)
  An adder (D:4)
  2 ribbon worms
  5 orcs
  4 ball pythons
  3 bats
  6 endoplasms
  4 giant cockroaches
  5 hobgoblins
  11 jackals
  2 quokkas
  2 frilled lizards
  9 goblins
  6 kobolds
  4 rats
79 creatures vanquished.

Notes
Turn   | Place    | Note
-------+----------+-------------------------------------------
     0 | D:1      | VendilionClique the Mummy Alchemist began the quest for the
                  | Orb.
     0 | D:1      | Reached XP level 1. HP: 13/13 MP: 4/4
   252 | D:1      | Reached XP level 2. HP: 16/19 MP: 1/6
  1189 | D:2      | Reached XP level 3. HP: 22/24 MP: 2/7
  1285 | D:2      | Noticed Terence
  1298 | D:2      | Killed Terence
  1705 | D:2      | Reached XP level 4. HP: 30/30 MP: 7/9
  1805 | D:2      | Learned a level 4 spell: Olgreb's Toxic Radiance
  1834 | D:3      | Found a stormy altar of Qazlal.
  1842 | D:3      | Found an opulent altar of Gozag.
  1845 | D:3      | Found a sparkling altar of Nemelex Xobeh.
  2303 | D:3      | Identified the +4 dagger "Mummy's Bane" {freeze, Str+5}
  2647 | D:4      | Reached XP level 5. HP: 27/35 MP: 1/11
  2906 | D:4      | Found Oparuik's Weapon Boutique.
  3142 | D:4      | Noticed SoakedWettersCrisps's ghost (amateur MiHu)
  3148 | D:4      | Found a runed translucent gate.
  3148 | D:4      | Found a runed translucent gate.
  3148 | D:4      | Found a runed translucent gate.
  3277 | D:4      | Reached XP level 6. HP: 17/41 MP: 2/13
  3285 | D:4      | Reached skill level 5 in Spellcasting
  3774 | D:5      | Entered Level 5 of the Dungeon
  3781 | D:5      | Reached skill level 5 in Alchemy
  3870 | D:5      | Incinerated by a bombardier beetle

Illustrated notes

Levels and vault maps discovered:
D:1:      elethiomel_arrival_quiet, layout_basic, minivault_11
D:2:      layout_rooms, uniq_terence
D:3:      layout_rooms, nicolae_overflow_macrodata_refinement
D:4:      layout_basic, gammafunk_ghost_split, serial_shops, shop,
          serial_library_hellmonk_room_a
D:5:      layout_basic, kennysheep_minor_cross, corexii_shack, st_stairs_11

Skill      XL: |  1  2  3  4  5  6 |
---------------+-------------------+-----
Spellcasting   | 3 4 5 |  5.3
Alchemy        | 3 4 5 |  5.1
Dodging        | |  1.5
Stealth        | |  1.5
Conjurations   | |  0.7

Action                     |  1- 3 |  4- 6 || total
---------------------------+-------+-------++-------
  Melee: Unarmed           |    46 |    10 ||    56
         Punch             |     2 |       ||     2
   Cast: Sting             |    80 |   100 ||   180
         Olgreb's Toxic Ra |       |     3 ||     3
 Armour: Robe              |    53 |    42 ||    95
  Dodge: Dodged            |    77 |    64 ||   141

Table legend: (Time is in decaauts)
 A = Elapsed time spent in this place.
 B = Non-inter-level travel time spent in this place.
 C = Inter-level travel time spent in this place.
 D = Time resting spent in this place.
 E = Time spent auto-exploring this place.
 F = Levels seen in this place.
 G = Mean time per level.
                   A        B        C        D        E       F      G
               +--------+--------+--------+--------+--------+-----+--------+
         Total |   3868 |   3788 |     80 |     21 |   3196 |   5 |  773.6 |
       Dungeon |   3868 |   3788 |     80 |     21 |   3196 |   5 |  773.6 |
               +--------+--------+--------+--------+--------+-----+--------+

Top non-repeatable levels by time:
     D:4: 1210 daAuts
     D:1: 1126 daAuts
     D:3: 735 daAuts
     D:2: 700 daAuts
     D:5: 95 daAuts
